 Dungeon Crawl Stone Soup version 0.28.0 (webtiles) character file.

Game seed: 4949710421893509070

112 Buxparty the Covered (level 4, 0/38 HPs)
             Began as a Gnoll Wanderer on Feb 6, 2022.
             Slain by Ijyb (3 damage)
             ... on level 3 of the Dungeon.
             The game lasted 00:07:14 (3166 turns).

Buxparty the Covered (Gnoll Wanderer)               Turns: 3166, Time: 00:07:15

Health: 0/38       AC:  6    Str: 12    XL:     4   Next: 93%
Magic:  8/8        EV: 11    Int: 11    God:
Gold:   103        SH:  0    Dex: 13    Spells: 8/9 levels left

rFire   . . .      SeeInvis .   t - +2 dagger (pain)
rCold   . . .      Faith    .   (no shield)
rNeg    . . .      Spirit   .   b - +0 ring mail
rPois   .          Reflect  .   (no helmet)
rElec   .          Harm     .   (no cloak)
rCorr   .          Rampage  .   (no gloves)
Will    .....                   (no boots)
Stlth   +.........              (no amulet)
HPRegen 0.12/turn               (no ring)
MPRegen 0.11/turn               (no ring)

@: attractive
A: fangs 1, strong nose, distributed training
a: no special abilities


You were on level 3 of the Dungeon.
You visited 1 branch of the dungeon, and saw 3 of its levels.

You collected 103 gold pieces.

Inventory:

Hand Weapons
 a - a +0 falchion
 t - a +2 dagger of pain (weapon)
Missiles
 c - 2 stones
 g - 8 poisoned darts
 h - 49 bolts
 i - 4 javelins
 m - 36 arrows
Armour
 b - a +0 ring mail (worn)
Jewellery
 q - a +6 ring of strength
 r - a ring of poison resistance
Scrolls
 d - 2 scrolls of identify {unknown}
 j - a scroll of enchant weapon {unknown}
 k - a scroll of amnesia {unknown}
 o - a scroll of immolation {unknown}
 p - 2 scrolls of fog {unknown}
Potions
 n - a potion of mutation {unknown}
 s - a potion of brilliance {unknown}


   Skills:
 + Level 4.7 Fighting
 + Level 1.2 Short Blades
 + Level 2.8 Long Blades
 + Level 1.2 Axes
 + Level 1.2 Maces & Flails
 + Level 1.2 Polearms
 + Level 1.2 Staves
 + Level 1.2 Slings
 + Level 1.2 Bows
 + Level 1.2 Crossbows
 + Level 1.2 Throwing
 + Level 4.7 Armour
 + Level 2.8 Dodging
 + Level 1.2 Stealth
 + Level 1.2 Shields
 + Level 1.2 Unarmed Combat
 + Level 3.0 Spellcasting
 + Level 1.0 Conjurations
 + Level 1.0 Hexes
 + Level 1.0 Summonings
 + Level 1.0 Necromancy
 + Level 1.0 Translocations
 + Level 1.0 Transmutations
 + Level 1.0 Fire Magic
 + Level 1.0 Ice Magic
 + Level 1.0 Air Magic
 + Level 3.9 Earth Magic
 + Level 1.0 Poison Magic
 + Level 1.4 Invocations
 + Level 2.8 Evocations


You had 8 spell levels left.
You knew the following spells:

 Your Spells              Type           Power      Damage    Failure   Level
a - Sandblast             Erth           20%        2d7       11%         1

Your spell library contained the following spells:

 Spells                   Type           Power      Damage    Failure   Level
 Stone Arrow              Conj/Erth      14%        3d7       52%         3
 Animate Armour           Summ/Erth      14%        N/A       89%         4


Dungeon Overview and Level Annotations

Branches:
Dungeon (3/15)

Altars:
Nemelex Xobeh
The Shining One

Annotations:
D:2 1 runed translucent door, Crazy Yiuf
D:3 Ijyb


Innate Abilities, Weirdness & Mutations

You have very sharp teeth.
Your uncanny sense of smell can sniff out nearby items.
Your experience applies equally to all skills.


Message History

Ijyb zaps a wand.
Your will is overpowered!
You are confused.
The now-empty wand crumbles to dust.
You hit Ijyb but do no damage.
Ijyb is heavily wounded.
Ijyb hits you with a +0 club.
* * * LOW HITPOINT WARNING * * *
You hit Ijyb but do no damage.
Ijyb is heavily wounded.
Ijyb hits you but does no damage.
You bump into the rock wall.
Ijyb closely misses you.
You miss Ijyb.
Ijyb is heavily wounded.
Ijyb hits you with a +0 club.
* * * LOW HITPOINT WARNING * * *
You closely miss Ijyb.
Ijyb is heavily wounded.
Ijyb misses you. Ijyb hits you but does no damage.
You feel less confused. Ijyb hits you but does no damage.
You completely miss Ijyb. Your punch misses Ijyb.
Ijyb is heavily wounded.
Ijyb hits you with a +0 club.
* * * LOW HITPOINT WARNING * * *
It was a potion of attraction.
You feel attractive to monsters. Ijyb closely misses you.
You hit Ijyb but do no damage.
Ijyb is heavily wounded.
Ijyb barely misses you.
It was a potion of resistance.
You feel protected. Ijyb barely misses you.
It was a potion of cancellation.
Your magical effects are unravelling.
You feel magically purged.
Your resistance to elements expires.
Ijyb hits you with a +0 club.
You die...

#.# #..#........... #.#
#....#.....####
#.#####....#.....#
###.#........#######
.......#.....##########
.....#.....).........
....#.....##########
############.#.##..#
...........g@..##..#
#.#######....####..##########
##.### #..##......## #..<#
#.>.......... #####
#)###......## #.# #......#
#.# #......# #.# #......# #.#
#......#


You could see Ijyb.

Vanquished Creatures
  4 gnolls
  3 adders
  A white imp (D:3)
  A worm (D:2)
  A dart slug (D:3)
  An orc (D:3)
  5 endoplasms
  2 hobgoblins (D:1)
  2 jackals (D:1)
  4 ball pythons (D:1)
  3 bats
  2 frilled lizards
  4 goblins
  A kobold (D:3)
  3 rats
37 creatures vanquished.

Notes
Turn   | Place    | Note
-------+----------+-------------------------------------------
     0 | D:1      | Buxparty the Gnoll Wanderer began the quest for the Orb.
     0 | D:1      | Buxparty set off with the following items: a +0 falchion, a
                  | +0 ring mail, 24 stones; and the following spell memorised:
                  | Sandblast; and the following spells available to memorise:
                  | Stone Arrow, Animate Armour
     0 | D:1      | Reached XP level 1. HP: 20/20 MP: 4/4
   165 | D:1      | Reached XP level 2. HP: 18/26 MP: 5/5
   673 | D:1      | Found a faded altar of an unknown god.
   980 | D:2      | Reached XP level 3. HP: 9/31 MP: 7/7
  1681 | D:1      | Reached skill level 1 in Invocations
  1852 | D:2      | Reached skill level 1 in Short Blades
  1852 | D:2      | Reached skill level 1 in Axes
  1852 | D:2      | Reached skill level 1 in Maces & Flails
  1852 | D:2      | Reached skill level 1 in Polearms
  1852 | D:2      | Reached skill level 1 in Staves
  1852 | D:2      | Reached skill level 1 in Slings
  1852 | D:2      | Reached skill level 1 in Bows
  1852 | D:2      | Reached skill level 1 in Crossbows
  1852 | D:2      | Reached skill level 1 in Throwing
  1852 | D:2      | Reached skill level 1 in Stealth
  1852 | D:2      | Reached skill level 1 in Shields
  1852 | D:2      | Reached skill level 1 in Unarmed Combat
  1995 | D:2      | Reached XP level 4. HP: 38/38 MP: 4/8
  2255 | D:2      | Found a runed translucent door.
  2256 | D:2      | Noticed Crazy Yiuf
  2401 | D:3      | Reached skill level 1 in Conjurations
  2401 | D:3      | Reached skill level 1 in Hexes
  2401 | D:3      | Reached skill level 1 in Summonings
  2401 | D:3      | Reached skill level 1 in Necromancy
  2401 | D:3      | Reached skill level 1 in Translocations
  2401 | D:3      | Reached skill level 1 in Transmutations
  2401 | D:3      | Reached skill level 1 in Fire Magic
  2401 | D:3      | Reached skill level 1 in Ice Magic
  2401 | D:3      | Reached skill level 1 in Air Magic
  2401 | D:3      | Reached skill level 1 in Poison Magic
  2629 | D:3      | Found a sparkling altar of Nemelex Xobeh.
  2903 | D:3      | Found a glowing golden altar of the Shining One.
  3097 | D:3      | Noticed Ijyb
  3166 | D:3      | Slain by Ijyb

Illustrated notes

Levels and vault maps discovered:
D:1:      erik_arrival_triangle_medium, layout_basic,
          chequers_ecumenical_altar_simple
D:2:      layout_basic, uniq_crazy_yiuf_cottage
D:3:      layout_basic, nicolae_tso_carved_into_rock,
          mainiacjoe_overflow_boulevard, lemuel_round_altar, uniq_ijyb

Skill      XL: |  1  2  3  4 |
---------------+-------------+-----
Invocations    | 1 |  1.4
Short Blades   | 1 |  1.2
Axes           | 1 |  1.2
Maces & Flails | 1 |  1.2
Polearms       | 1 |  1.2
Staves         | 1 |  1.2
Slings         | 1 |  1.2
Bows           | 1 |  1.2
Crossbows      | 1 |  1.2
Throwing       | 1 |  1.2
Stealth        | 1 |  1.2
Shields        | 1 |  1.2
Unarmed Combat | 1 |  1.2
Spellcasting   | 3 |  3.0
Conjurations   | 1 |  1.0
Hexes          | 1 |  1.0
Summonings     | 1 |  1.0
Necromancy     | 1 |  1.0
Translocations | 1 |  1.0
Transmutations | 1 |  1.0
Fire Magic     | 1 |  1.0
Ice Magic      | 1 |  1.0
Air Magic      | 1 |  1.0
Poison Magic   | 1 |  1.0
Fighting       | |  4.7
Long Blades    | |  2.8
Armour         | |  4.7
Dodging        | |  2.8
Earth Magic    | |  3.9
Evocations     | |  2.8

Action                   |  1- 3 |  4- 6 || total
-------------------------+-------+-------++-------
Melee: Falchion          |    77 |     9 ||    86
       Bite              |     4 |       ||     4
       Dagger            |       |    36 ||    36
       Punch             |       |     1 ||     1
 Cast: Sandblast         |    16 |    18 ||    34
  Use: Potion            |       |     3 ||     3
Armor: Ring mail         |    28 |    18 ||    46
Dodge: Dodged            |    36 |    25 ||    61
